| Goals | Penalties |
No Goal
|
No Penalty
|
1. Silver Knights , Zach Benson 20 (Lucas Carlsson 4, Zach Metsa 1) at 15:50
2. Barracuda , Martin Kaut 23 (John Hayden 26, Michael Houser) at 17:35 (PP)
3. Barracuda , Joshua Roy 18 (Tanner Fritz 9, Adam Clendening 20) at 18:13
|
Will Cuylle (CHI) for Tripping (Minor) at 1:12 Lucas Carlsson (CHI) for Tripping (Minor) at 6:01 Derrick Pouliot (CHI) for Holding (Minor) at 17:25 John Hayden (S J) for Fighting (Major) at 17:40 Zach Benson (CHI) for Fighting (Major) at 17:40 Reese Johnson (CHI) for Interference (Minor) at 18:40
|
4. Barracuda , Mike Vecchione 7 (Tanner Fritz 10, Michael Houser) at 4:55
|
No Penalty
|
|
Clay Stevenson (CHI), 15 saves from 18 shots - (0,833), L, 25-36-10, 60:00 minutes
Michael Houser (S J), 9 saves from 10 shots - (0,900), W, 15-17-4, 60:00 minutes
|
|
1 - Joshua Roy (S J)
2 - Mike Vecchione (S J)
3 - Tanner Fritz (S J)
|
Referees : Amanda Tasson and Chris Lee
Linesman : Alexandra Clarke and Erica Holmes
|
|
Zach Benson beats up John Hayden at 17:40 of 2nd period
|
| Team Name |
Goals |
Shots |
Shots Attemp |
Shots Blocked |
PIM |
HIT |
PP |
PK |
FO% |
| Silver Knights |
1 | 10 | 17 | 6 | 13 | 21 | 0 / 0 (0% | 1 | 51% |
| Barracuda |
3 | 18 | 34 | 2 | 5 | 17 | 1 / 4 (25%) | 0 | 49% |
Silver Knights
| Player Name |
POS |
G |
A |
P |
+/- |
PIM |
HIT |
SHT |
SB |
MP |
PP MP |
PP SHT |
PK MP |
PK SHT |
FO% |
FOT |
GA |
TA |
| Brandon Biro | LW | 0 | 0 | 0 | -1 | 0 | 2 | 1 | 1 | 13:48 | 0:00 | 0 | 1:09 | 0 | 100% |
1 | 0 | 0 |
| Derrick Pouliot | D | 0 | 0 | 0 | 0 | 2 | 3 | 1 | 1 | 28:43 | 0:00 | 0 | 4:37 | 0 | 0% |
0 | 0 | 1 |
| Egor Sokolov | LW | 0 | 0 | 0 | 0 | 0 | 0 | 0 | 0 | 0:41 | 0:00 | 0 | 0:19 | 0 | 0% |
0 | 0 | 0 |
| Jesse Ylönen | C/LW/RW | 0 | 0 | 0 | -1 | 0 | 1 | 0 | 0 | 16:46 | 0:00 | 0 | 0:00 | 0 | 67% |
6 | 0 | 0 |
| Joey Anderson | RW | 0 | 0 | 0 | 0 | 0 | 1 | 0 | 0 | 19:54 | 0:00 | 0 | 0:00 | 0 | 0% |
2 | 0 | 0 |
| Justin Brazeau | RW | 0 | 0 | 0 | 0 | 0 | 0 | 0 | 0 | 8:48 | 0:00 | 0 | 0:00 | 0 | 0% |
0 | 0 | 0 |
| Kirby Dach | C/RW | 0 | 0 | 0 | -2 | 0 | 1 | 3 | 1 | 24:56 | 0:00 | 0 | 4:20 | 0 | 50% |
18 | 0 | 0 |
| Lucas Carlsson | D | 0 | 1 | 1 | 0 | 2 | 2 | 2 | 1 | 22:15 | 0:00 | 0 | 0:58 | 0 | 0% |
0 | 0 | 0 |
| Marshall Rifai | D | 0 | 0 | 0 | -1 | 0 | 0 | 0 | 0 | 12:48 | 0:00 | 0 | 0:28 | 0 | 0% |
0 | 0 | 0 |
| Mason Morelli | C/LW | 0 | 0 | 0 | 1 | 0 | 1 | 0 | 0 | 12:24 | 0:00 | 0 | 0:19 | 0 | 33% |
6 | 0 | 0 |
| Mitchell Chaffee | RW | 0 | 0 | 0 | 0 | 0 | 0 | 0 | 0 | 0:23 | 0:00 | 0 | 0:00 | 0 | 0% |
0 | 0 | 0 |
| Rafaël Harvey-Pinard | LW | 0 | 0 | 0 | 0 | 0 | 2 | 1 | 0 | 16:43 | 0:00 | 0 | 0:00 | 0 | 33% |
3 | 1 | 0 |
| Reese Johnson | C/RW | 0 | 0 | 0 | 0 | 2 | 1 | 1 | 0 | 20:19 | 0:00 | 0 | 1:28 | 0 | 100% |
3 | 0 | 2 |
| Roland McKeown | D | 0 | 0 | 0 | 0 | 0 | 1 | 0 | 2 | 26:45 | 0:00 | 0 | 4:57 | 0 | 0% |
0 | 0 | 0 |
| Will Cuylle | LW | 0 | 0 | 0 | -1 | 2 | 1 | 0 | 0 | 19:31 | 0:00 | 0 | 2:19 | 0 | 50% |
2 | 0 | 1 |
| William Villeneuve | D | 0 | 0 | 0 | -1 | 0 | 1 | 0 | 0 | 10:01 | 0:00 | 0 | 0:00 | 0 | 0% |
0 | 0 | 0 |
| Zach Benson | LW | 1 | 0 | 1 | 1 | 5 | 4 | 1 | 0 | 19:29 | 0:00 | 0 | 2:20 | 0 | 0% |
0 | 1 | 0 |
| Zach Metsa | D | 0 | 1 | 1 | 0 | 0 | 0 | 0 | 0 | 19:34 | 0:00 | 0 | 1:14 | 0 | 0% |
0 | 1 | 0 |
Barracuda
| Player Name |
POS |
G |
A |
P |
+/- |
PIM |
HIT |
SHT |
SB |
MP |
PP MP |
PP SHT |
PK MP |
PK SHT |
FO% |
FOT |
GA |
TA |
| Adam Clendening | D | 0 | 1 | 1 | 0 | 0 | 2 | 0 | 0 | 26:44 | 5:07 | 0 | 0:00 | 0 | 0% |
0 | 0 | 0 |
| Cavan Fitzgerald | D | 0 | 0 | 0 | 0 | 0 | 0 | 1 | 0 | 14:22 | 1:38 | 0 | 0:00 | 0 | 0% |
0 | 0 | 0 |
| Cole Moberg | D | 0 | 0 | 0 | 0 | 0 | 0 | 1 | 0 | 9:38 | 1:00 | 0 | 0:00 | 0 | 0% |
0 | 0 | 0 |
| Dylan McIlrath | D | 0 | 0 | 0 | 0 | 0 | 2 | 0 | 0 | 17:43 | 0:00 | 0 | 0:00 | 0 | 0% |
0 | 0 | 0 |
| Elmer Soderblom | C/LW | 0 | 0 | 0 | 1 | 0 | 3 | 2 | 0 | 20:17 | 2:26 | 0 | 0:00 | 0 | 50% |
14 | 1 | 0 |
| John Hayden | C/LW/RW | 0 | 1 | 1 | -1 | 5 | 1 | 0 | 1 | 18:59 | 2:22 | 0 | 0:00 | 0 | 46% |
13 | 0 | 0 |
| Joshua Roy | LW/RW | 1 | 0 | 1 | 1 | 0 | 2 | 3 | 0 | 20:15 | 2:26 | 0 | 0:00 | 0 | 100% |
1 | 0 | 0 |
| Leon Gawanke | D | 0 | 0 | 0 | 1 | 0 | 0 | 0 | 0 | 13:00 | 0:00 | 0 | 0:00 | 0 | 0% |
0 | 0 | 0 |
| Martin Kaut | RW | 1 | 0 | 1 | -1 | 0 | 2 | 3 | 0 | 23:55 | 3:41 | 2 | 0:00 | 0 | 0% |
0 | 3 | 0 |
| Max McCormick | LW | 0 | 0 | 0 | -1 | 0 | 1 | 3 | 0 | 23:47 | 3:41 | 1 | 0:00 | 0 | 67% |
3 | 0 | 0 |
| Michael Callahan | D | 0 | 0 | 0 | 1 | 0 | 1 | 0 | 1 | 13:00 | 0:00 | 0 | 0:00 | 0 | 0% |
0 | 0 | 0 |
| Mike Vecchione | LW | 1 | 0 | 1 | 1 | 0 | 1 | 1 | 0 | 13:02 | 0:00 | 0 | 0:00 | 0 | 0% |
0 | 0 | 0 |
| Pontus Andreasson | C/LW | 0 | 0 | 0 | 1 | 0 | 0 | 0 | 0 | 18:12 | 1:19 | 0 | 0:00 | 0 | 44% |
9 | 0 | 0 |
| Rudolfs Balcers | LW/RW | 0 | 0 | 0 | 1 | 0 | 2 | 0 | 0 | 12:29 | 0:00 | 0 | 0:00 | 0 | 0% |
1 | 0 | 0 |
| Tanner Fritz | C/LW/RW | 0 | 2 | 2 | 1 | 0 | 0 | 1 | 0 | 19:54 | 2:26 | 1 | 0:00 | 0 | 0% |
0 | 0 | 0 |
| Tobie Paquette-Bisson | D | 0 | 0 | 0 | 0 | 0 | 0 | 3 | 0 | 18:46 | 4:29 | 1 | 0:00 | 0 | 0% |
0 | 0 | 2 |
| Tyler Kleven | D | 0 | 0 | 0 | 0 | 0 | 0 | 0 | 0 | 0:00 | 0:00 | 0 | 0:00 | 0 | 0% |
0 | 0 | 0 |
| Will Butcher | D | 0 | 0 | 0 | 0 | 0 | 0 | 0 | 0 | 15:56 | 0:00 | 0 | 0:00 | 0 | 0% |
0 | 0 | 1 |
Silver Knights
| 5 vs 5 Forward |
|---|
| Line # | Left Wing | Center | Right Wing | PHY | DF | OF | Wanted % | Time % | Time Play |
| 1 | Zach Benson | Kirby Dach | Joey Anderson | 1 | 2 | 2 | 40 | 34% | 18:05
|
| 2 | Will Cuylle | Reese Johnson | Kirby Dach | 1 | 2 | 2 | 30 | 27% | 14:49
|
| 3 | Rafaël Harvey-Pinard | Jesse Ylönen | Reese Johnson | 1 | 2 | 2 | 20 | 21% | 11:05
|
| 4 | Brandon Biro | Kirby Dach | Jesse Ylönen | 1 | 2 | 2 | 10 | 18% | 9:54
|
| 5 vs 5 Defense |
|---|
| Line # | Defense | Defense | | PHY | DF | OF | Wanted % | Time % | Time Play |
| 1 | Roland McKeown | Derrick Pouliot | | 1 | 2 | 2 | 40 | 36% | 19:19
|
| 2 | Roland McKeown | Derrick Pouliot | | 1 | 2 | 2 | 30 | 24% | 13:06
|
| 3 | Lucas Carlsson | Derrick Pouliot | | 1 | 2 | 2 | 20 | 26% | 13:52
|
| 4 | Lucas Carlsson | Derrick Pouliot | | 1 | 2 | 2 | 10 | 14% | 7:36
|
| Power Play Forward |
|---|
| Line # | Left Wing | Center | Right Wing | PHY | DF | OF | Wanted % | Time % | Time Play |
| 1 | Zach Benson | Kirby Dach | Joey Anderson | 1 | 2 | 2 | 60 | 0% | 0:00
|
| 2 | Will Cuylle | Reese Johnson | Kirby Dach | 1 | 2 | 2 | 40 | 0% | 0:00
|
| Power Play Defense |
|---|
| Line # | Defense | Defense | | PHY | DF | OF | Wanted % | Time % | Time Play |
| 1 | Roland McKeown | Derrick Pouliot | | 1 | 2 | 2 | 60 | 0% | 0:00
|
| 2 | Roland McKeown | Derrick Pouliot | | 1 | 2 | 2 | 40 | 0% | 0:00
|
| Penalty Kill 4 Players Forward |
|---|
| Line # | Center | Wing | PHY | DF | OF | Wanted % | Time % | Time Play |
| 1 | Kirby Dach | Zach Benson | 1 | 2 | 2 | 60 | 83% | 5:04
|
| 2 | Reese Johnson | Will Cuylle | 1 | 2 | 2 | 40 | 17% | 1:03
|
| Penalty Kill 4 Players Defense |
|---|
| Line # | Defense | Defense | PHY | DF | OF | Wanted % | Time % | Time Play |
| 1 | Roland McKeown | Derrick Pouliot | 1 | 2 | 2 | 60 | 100% | 6:07
|
| 2 | Roland McKeown | Derrick Pouliot | 1 | 2 | 2 | 40 | 0% | 0:00
|
| Penalty Kill 3 Players |
|---|
| Line # | Wing | PHY | DF | OF | Wanted % | Time % | Time Play | Defense | Defense | PHY | DF | OF | Wanted % | Time % | Time Play |
| 1 | Kirby Dach | 1 | 2 | 2 | 60 | 0% | 0:00
| Roland McKeown | Derrick Pouliot | 1 | 2 | 2 | 60 | 0% | 0:00
|
| 2 | Reese Johnson | 1 | 2 | 2 | 40 | 0% | 0:00
| Roland McKeown | Derrick Pouliot | 1 | 2 | 2 | 40 | 0% | 0:00
|
| 4 vs 4 Forward |
|---|
| Line # | Center | Wing | PHY | DF | OF | Wanted % | Time % | Time Play |
| 1 | Kirby Dach | Zach Benson | 1 | 2 | 2 | 60 | 0% | 0:00
|
| 2 | Reese Johnson | Will Cuylle | 1 | 2 | 2 | 40 | 0% | 0:00
|
| 4 vs 4 Defense |
|---|
| Line # | Defense | | PHY | DF | OF | Wanted % | Time % | Time Play |
| 1 | Roland McKeown | Derrick Pouliot | 1 | 2 | 2 | 60 | 0% | 0:00
|
| 2 | Roland McKeown | Derrick Pouliot | 1 | 2 | 2 | 40 | 0% | 0:00
|
| Last Minutes Offensive |
|---|
| Left Wing | Center | Right Wing | Defense | Defense |
| Zach Benson | Kirby Dach | Joey Anderson | Roland McKeown | Derrick Pouliot |
| Last Minutes Defensive |
|---|
| Left Wing | Center | Right Wing | Defense | Defense |
| Zach Benson | Kirby Dach | Joey Anderson | Roland McKeown | Derrick Pouliot |
| Time |
|---|
| Total Forward | Total Defense | Last Minutes Offensive | Last Minutes Defensive |
| 60:00 |
60:00 |
0:00 | 0:00 |
| Extra Forwards |
|---|
| Normal | PowerPlay | Penalty Kill |
|
Will Cuylle, Rafaël Harvey-Pinard, Jesse Ylönen | Will Cuylle, Rafaël Harvey-Pinard | Will Cuylle |
| Extra Defensemen |
|---|
| Normal | PowerPlay | Penalty Kill |
|
Derrick Pouliot, Lucas Carlsson, Roland McKeown | Derrick Pouliot, Roland McKeown | Derrick Pouliot |
| Penalty Shots |
|---|
|
Joey Anderson, Kirby Dach, Reese Johnson, Zach Benson, Will Cuylle |
| Goalie |
|---|
| Clay Stevenson, Remi Poirier |
| Scratches |
|---|
|
Amadeus Lombardi (Healthy), Antti Tuomisto (Healthy), David Reinbacher (Healthy), Frederic Brunet (Healthy), Jack Matier (Healthy)
Jalen Luypen (Healthy), Justin Hryckowian (Healthy), Lian Bichsel (Healthy), Tristan Allard (Healthy), Akil Thomas (Healthy)
Ryan Suzuki (Healthy), Scott Reedy (Healthy), Wyatt Newpower (Healthy), Drew Helleson (Healthy), Mike Hardman (Healthy)
Owen Sillinger (Healthy), Emil Andrae (Healthy), Lucas Condotta (Healthy), Max Crozier (Healthy), Ruslan Iskhakov (Healthy)
Santtu Kinnunen (Healthy), Evan Cormier (Healthy), David Tendeck (Healthy), Gage Alexander (Healthy), Jaxson Stauber (Healthy)
Joe Vrbetic (Healthy), Oskari Salminen (Healthy) |
Barracuda
| 5 vs 5 Forward |
|---|
| Line # | Left Wing | Center | Right Wing | PHY | DF | OF | Wanted % | Time % | Time Play |
| 1 | Max McCormick | John Hayden | Martin Kaut | 1 | 2 | 2 | 40 | 35% | 18:41
|
| 2 | Joshua Roy | Elmer Soderblom | Tanner Fritz | 1 | 2 | 2 | 30 | 39% | 21:15
|
| 3 | Martin Kaut | Pontus Andreasson | Max McCormick | 1 | 2 | 2 | 20 | 20% | 10:55
|
| 4 | Martin Kaut | Max McCormick | Joshua Roy | 1 | 2 | 2 | 10 | 6% | 3:02
|
| 5 vs 5 Defense |
|---|
| Line # | Defense | Defense | | PHY | DF | OF | Wanted % | Time % | Time Play |
| 1 | Adam Clendening | Tobie Paquette-Bisson | | 1 | 2 | 2 | 40 | 27% | 14:17
|
| 2 | Adam Clendening | Cavan Fitzgerald | | 1 | 2 | 2 | 30 | 21% | 11:26
|
| 3 | Dylan McIlrath | Will Butcher | | 1 | 2 | 2 | 20 | 28% | 15:10
|
| 4 | Leon Gawanke | Michael Callahan | | 1 | 2 | 2 | 10 | 24% | 13:00
|
| Power Play Forward |
|---|
| Line # | Left Wing | Center | Right Wing | PHY | DF | OF | Wanted % | Time % | Time Play |
| 1 | Max McCormick | John Hayden | Martin Kaut | 1 | 2 | 2 | 60 | 60% | 3:41
|
| 2 | Joshua Roy | Elmer Soderblom | Tanner Fritz | 1 | 2 | 2 | 40 | 40% | 2:26
|
| Power Play Defense |
|---|
| Line # | Defense | Defense | | PHY | DF | OF | Wanted % | Time % | Time Play |
| 1 | Adam Clendening | Tobie Paquette-Bisson | | 1 | 2 | 2 | 60 | 73% | 4:29
|
| 2 | Adam Clendening | Cavan Fitzgerald | | 1 | 2 | 2 | 40 | 27% | 1:38
|
| Penalty Kill 4 Players Forward |
|---|
| Line # | Center | Wing | PHY | DF | OF | Wanted % | Time % | Time Play |
| 1 | Max McCormick | Martin Kaut | 1 | 2 | 2 | 60 | 0% | 0:00
|
| 2 | Joshua Roy | John Hayden | 1 | 2 | 2 | 40 | 0% | 0:00
|
| Penalty Kill 4 Players Defense |
|---|
| Line # | Defense | Defense | PHY | DF | OF | Wanted % | Time % | Time Play |
| 1 | Adam Clendening | Tobie Paquette-Bisson | 1 | 2 | 2 | 60 | 0% | 0:00
|
| 2 | Adam Clendening | Cavan Fitzgerald | 1 | 2 | 2 | 40 | 0% | 0:00
|
| Penalty Kill 3 Players |
|---|
| Line # | Wing | PHY | DF | OF | Wanted % | Time % | Time Play | Defense | Defense | PHY | DF | OF | Wanted % | Time % | Time Play |
| 1 | Max McCormick | 1 | 2 | 2 | 60 | 0% | 0:00
| Adam Clendening | Tobie Paquette-Bisson | 1 | 2 | 2 | 60 | 0% | 0:00
|
| 2 | Martin Kaut | 1 | 2 | 2 | 40 | 0% | 0:00
| Adam Clendening | Cavan Fitzgerald | 1 | 2 | 2 | 40 | 0% | 0:00
|
| 4 vs 4 Forward |
|---|
| Line # | Center | Wing | PHY | DF | OF | Wanted % | Time % | Time Play |
| 1 | Max McCormick | Martin Kaut | 1 | 2 | 2 | 60 | 0% | 0:00
|
| 2 | Joshua Roy | John Hayden | 1 | 2 | 2 | 40 | 0% | 0:00
|
| 4 vs 4 Defense |
|---|
| Line # | Defense | | PHY | DF | OF | Wanted % | Time % | Time Play |
| 1 | Adam Clendening | Tobie Paquette-Bisson | 1 | 2 | 2 | 60 | 0% | 0:00
|
| 2 | Adam Clendening | Cavan Fitzgerald | 1 | 2 | 2 | 40 | 0% | 0:00
|
| Last Minutes Offensive |
|---|
| Left Wing | Center | Right Wing | Defense | Defense |
| Max McCormick | John Hayden | Martin Kaut | Adam Clendening | Tobie Paquette-Bisson |
| Last Minutes Defensive |
|---|
| Left Wing | Center | Right Wing | Defense | Defense |
| Max McCormick | John Hayden | Martin Kaut | Adam Clendening | Tobie Paquette-Bisson |
| Time |
|---|
| Total Forward | Total Defense | Last Minutes Offensive | Last Minutes Defensive |
| 60:00 |
60:00 |
0:00 | 0:00 |
| Extra Forwards |
|---|
| Normal | PowerPlay | Penalty Kill |
|
Pontus Andreasson, Max McCormick, Martin Kaut | Pontus Andreasson, Max McCormick | Martin Kaut |
| Extra Defensemen |
|---|
| Normal | PowerPlay | Penalty Kill |
|
Cole Moberg, Dylan McIlrath, Will Butcher | Cole Moberg, Dylan McIlrath | Will Butcher |
| Penalty Shots |
|---|
|
Max McCormick, Martin Kaut, Joshua Roy, John Hayden, Elmer Soderblom |
| Goalie |
|---|
| Michael Houser, Dan Vladar |
| Scratches |
|---|
|
Alex Gallant (Healthy), Brandon Baddock (Healthy), Ryan Wagner (Healthy), Maxim Golod (Healthy), Tristan Mullin (Healthy)
Butrus Ghafari (Healthy), Gianni Fairbrother (Healthy), Maxim Marushev (Healthy), Mitchell Balmas (Healthy), Morgan Adams-Moisan (Healthy)
Nikita Pavlychev (Healthy), Tommy Apap (Healthy), Kirill Tyutyayev (Healthy), Kaden Fulcher (Healthy), Jesper Vikman (Healthy) |
Play-by-Play
1st period
0:01 of 1st period - Kirby Dach wins face-off versus John Hayden in neutral zone.
0:26 of 1st period - Rafaël Harvey-Pinard is hit by Elmer Soderblom and loses puck.
0:33 of 1st period - Slapshot by Elmer Soderblom.
0:33 of 1st period - Stopped by Clay Stevenson with a rebound.
0:35 of 1st period - Slapshot by Joshua Roy.
0:35 of 1st period - Deflect By Elmer Soderblom.
0:35 of 1st period - Shot Misses the Net.
0:35 of 1st period - Puck is out of play.
0:36 of 1st period - Reese Johnson wins face-off versus Pontus Andreasson in Silver Knights zone.
0:43 of 1st period - Snap shot by Max McCormick.
0:43 of 1st period - Stopped by Clay Stevenson without a rebound.
0:44 of 1st period - Reese Johnson wins face-off versus Max McCormick in Silver Knights zone.
0:44 of 1st period - Reese Johnson is hit by Dylan McIlrath.
2:04 of 1st period - Martin Kaut is hit by Reese Johnson and loses puck.
2:23 of 1st period - Snap shot by Kirby Dach.
2:23 of 1st period - Deflect By Max McCormick.
2:23 of 1st period - Stopped by Michael Houser with a rebound.
2:31 of 1st period - Derrick Pouliot is hit by Martin Kaut and loses puck.
2:40 of 1st period - Backhand shot by Lucas Carlsson.
2:40 of 1st period - Stopped by Michael Houser with a rebound.
2:58 of 1st period - Snap shot by Reese Johnson.
2:58 of 1st period - Stopped by Michael Houser without a rebound.
2:59 of 1st period - Elmer Soderblom wins face-off versus Rafaël Harvey-Pinard in Barracuda zone.
2:59 of 1st period - Elmer Soderblom is hit by Zach Benson.
3:05 of 1st period - Slapshot by Cavan Fitzgerald.
3:05 of 1st period - Stopped by Clay Stevenson without a rebound.
3:06 of 1st period - Elmer Soderblom wins face-off versus Rafaël Harvey-Pinard in Silver Knights zone.
3:21 of 1st period - Slapshot by Joshua Roy.
3:21 of 1st period - Stopped by Clay Stevenson without a rebound.
3:22 of 1st period - Rafaël Harvey-Pinard wins face-off versus Elmer Soderblom in Silver Knights zone.
4:06 of 1st period - Icing by Jesse Ylönen.
4:07 of 1st period - John Hayden wins face-off versus Mason Morelli in Silver Knights zone.
4:31 of 1st period - Icing by Jesse Ylönen.
4:32 of 1st period - Jesse Ylönen wins face-off versus Elmer Soderblom in Silver Knights zone.
4:37 of 1st period - Elmer Soderblom is hit by Derrick Pouliot and loses puck.
5:10 of 1st period - Roland McKeown is hit by Adam Clendening and loses puck.
8:24 of 1st period - Rafaël Harvey-Pinard is hit by Joshua Roy and loses puck.
10:02 of 1st period - Icing by Zach Benson.
10:03 of 1st period - Jesse Ylönen wins face-off versus Rudolfs Balcers in Silver Knights zone.
11:24 of 1st period - Joey Anderson is hit by Rudolfs Balcers and loses puck.
14:13 of 1st period - Jesse Ylönen is hit by Mike Vecchione and loses puck.
15:43 of 1st period - Pontus Andreasson is hit by Zach Benson and loses puck.
16:06 of 1st period - Adam Clendening is hit by Will Cuylle and loses puck.
17:23 of 1st period - Reese Johnson is hit by Dylan McIlrath and loses puck.
Goals for this period are 0 for Silver Knights vs 0 for Barracuda.
Shots for this period are 3 for Silver Knights vs 4 for Barracuda.
2nd period
0:01 of 2nd period - John Hayden wins face-off versus Joey Anderson in neutral zone.
0:04 of 2nd period - Snap shot by Martin Kaut.
0:04 of 2nd period - Stopped by Clay Stevenson without a rebound.
0:05 of 2nd period - John Hayden wins face-off versus Kirby Dach in Silver Knights zone.
0:20 of 2nd period - Slapshot by Roland McKeown.
0:20 of 2nd period - Deflect By Kirby Dach.
0:20 of 2nd period - Stopped by Michael Houser without a rebound.
0:21 of 2nd period - Elmer Soderblom wins face-off versus Joey Anderson in Barracuda zone.
1:12 of 2nd period - Minor Penalty to Will Cuylle for Tripping.
1:13 of 2nd period - Kirby Dach wins face-off versus John Hayden in Silver Knights zone.
3:12 of 2nd period - Penalty to Will Cuylle is over, Will Cuylle is back on ice.
3:21 of 2nd period - Dylan McIlrath is hit by Rafaël Harvey-Pinard and loses puck.
3:46 of 2nd period - Snap shot by Will Cuylle.
3:46 of 2nd period - Shot Misses the Net.
5:24 of 2nd period - Rudolfs Balcers is hit by Mason Morelli and loses puck.
6:01 of 2nd period - Minor Penalty to Lucas Carlsson for Tripping.
6:02 of 2nd period - John Hayden wins face-off versus Kirby Dach in Silver Knights zone.
6:07 of 2nd period - Slapshot by John Hayden.
6:07 of 2nd period - Deflect By Martin Kaut.
6:07 of 2nd period - Shot Misses the Net.
6:07 of 2nd period - Puck is out of play.
6:08 of 2nd period - Kirby Dach wins face-off versus John Hayden in Silver Knights zone.
6:23 of 2nd period - Max McCormick is hit by Zach Benson and loses puck.
6:41 of 2nd period - Icing by Elmer Soderblom.
6:42 of 2nd period - Kirby Dach wins face-off versus Elmer Soderblom in Barracuda zone.
7:18 of 2nd period - Zach Benson is hit by Martin Kaut.
7:24 of 2nd period - Snap shot by Max McCormick.
7:24 of 2nd period - Stopped by Clay Stevenson without a rebound.
7:25 of 2nd period - Will Cuylle wins face-off versus John Hayden in Silver Knights zone.
7:25 of 2nd period - Will Cuylle is hit by John Hayden.
7:35 of 2nd period - Kirby Dach is hit by Max McCormick and loses puck.
7:56 of 2nd period - Roland McKeown is hit by Elmer Soderblom and loses puck.
8:01 of 2nd period - Penalty to Lucas Carlsson is over, Lucas Carlsson is back on ice.
8:22 of 2nd period - Wrist shot by Lucas Carlsson.
8:22 of 2nd period - Shot Hit the Post.
8:54 of 2nd period - Snap shot by Kirby Dach.
8:54 of 2nd period - Deflect By Brandon Biro.
8:54 of 2nd period - Stopped by Michael Houser with a rebound.
8:56 of 2nd period - Slapshot by Derrick Pouliot.
8:56 of 2nd period - Stopped by Michael Houser with a rebound.
9:26 of 2nd period - Lucas Carlsson is hit by Rudolfs Balcers.
9:46 of 2nd period - Cavan Fitzgerald is hit by William Villeneuve and loses puck.
10:10 of 2nd period - Elmer Soderblom is hit by Brandon Biro and loses puck.
12:33 of 2nd period - Derrick Pouliot is hit by Joshua Roy and loses puck.
12:50 of 2nd period - Leon Gawanke is hit by Zach Benson and loses puck.
12:58 of 2nd period - Icing by Cole Moberg.
12:59 of 2nd period - Pontus Andreasson wins face-off versus Kirby Dach in Barracuda zone.
13:04 of 2nd period - Leon Gawanke is hit by Kirby Dach and loses puck.
13:57 of 2nd period - Jesse Ylönen is hit by Adam Clendening and loses puck.
14:26 of 2nd period - Will Butcher is hit by Lucas Carlsson.
15:17 of 2nd period - Icing by Derrick Pouliot.
15:18 of 2nd period - Elmer Soderblom wins face-off versus Mason Morelli in Silver Knights zone.
15:21 of 2nd period - Wrist shot by Elmer Soderblom.
15:21 of 2nd period - Stopped by Clay Stevenson with a rebound.
15:23 of 2nd period - Snap shot by Rudolfs Balcers.
15:23 of 2nd period - Deflect By Cole Moberg.
15:23 of 2nd period - Stopped by Clay Stevenson without a rebound.
15:24 of 2nd period - Mason Morelli wins face-off versus Elmer Soderblom in Silver Knights zone.
15:30 of 2nd period - Icing by Zach Metsa.
15:31 of 2nd period - Max McCormick wins face-off versus Mason Morelli in Silver Knights zone.
15:36 of 2nd period - Snap shot by Max McCormick.
15:36 of 2nd period - Shot Misses the Net.
15:44 of 2nd period - Wrist shot by Joey Anderson.
15:44 of 2nd period - Shot Misses the Net.
15:46 of 2nd period - Slapshot by Zach Metsa.
15:46 of 2nd period - Shot Blocked by John Hayden.
15:48 of 2nd period - Slapshot by Lucas Carlsson.
15:48 of 2nd period - Deflect By Adam Clendening.
15:48 of 2nd period - Stopped by Michael Houser with a rebound.
15:50 of 2nd period - Snap shot by Zach Benson.
15:50 of 2nd period - Goal by Zach Benson - Silver Knights : 1 - Barracuda : 0.
15:51 of 2nd period - John Hayden wins face-off versus Kirby Dach in neutral zone.
16:06 of 2nd period - Wrist shot by Martin Kaut.
16:06 of 2nd period - Shot Misses the Net.
16:16 of 2nd period - Elmer Soderblom is hit by Rafaël Harvey-Pinard and loses puck.
16:53 of 2nd period - Off-side.
16:54 of 2nd period - Elmer Soderblom wins face-off versus Jesse Ylönen in neutral zone.
17:01 of 2nd period - Wrist shot by Joshua Roy.
17:01 of 2nd period - Shot Blocked by Kirby Dach.
17:03 of 2nd period - Slapshot by Tanner Fritz.
17:03 of 2nd period - Deflect By Joshua Roy.
17:03 of 2nd period - Shot Misses the Net.
17:03 of 2nd period - Puck is out of play.
17:04 of 2nd period - John Hayden wins face-off versus Jesse Ylönen in Silver Knights zone.
17:25 of 2nd period - Minor Penalty to Derrick Pouliot for Holding.
17:26 of 2nd period - Kirby Dach wins face-off versus John Hayden in Silver Knights zone.
17:35 of 2nd period - Snap shot by Martin Kaut.
17:35 of 2nd period - Goal by Martin Kaut - Silver Knights : 1 - Barracuda : 1.
17:36 of 2nd period - Kirby Dach wins face-off versus John Hayden in neutral zone.
17:40 of 2nd period - Zach Benson beats up John Hayden.
17:40 of 2nd period - Penalty to John Hayden for Fighting.
17:40 of 2nd period - Penalty to Zach Benson for Fighting.
17:41 of 2nd period - Pontus Andreasson wins face-off versus Kirby Dach in neutral zone.
17:44 of 2nd period - Wrist shot by Max McCormick.
17:44 of 2nd period - Stopped by Clay Stevenson with a rebound.
17:54 of 2nd period - Snap shot by Joey Anderson.
17:54 of 2nd period - Shot Misses the Net.
17:56 of 2nd period - Slapshot by Derrick Pouliot.
17:56 of 2nd period - Deflect By Joey Anderson.
17:56 of 2nd period - Shot Misses the Net.
17:56 of 2nd period - Puck is out of play.
17:57 of 2nd period - Joshua Roy wins face-off versus Kirby Dach in Barracuda zone.
18:01 of 2nd period - Off-side.
18:02 of 2nd period - Elmer Soderblom wins face-off versus Kirby Dach in neutral zone.
18:07 of 2nd period - Slapshot by Adam Clendening.
18:07 of 2nd period - Shot Misses the Net.
18:13 of 2nd period - Slapshot by Joshua Roy.
18:13 of 2nd period - Goal by Joshua Roy - Silver Knights : 1 - Barracuda : 2.
18:14 of 2nd period - Max McCormick wins face-off versus Kirby Dach in neutral zone.
18:17 of 2nd period - Slapshot by Tobie Paquette-Bisson.
18:17 of 2nd period - Stopped by Clay Stevenson with a rebound.
18:40 of 2nd period - Minor Penalty to Reese Johnson for Interference.
18:41 of 2nd period - Kirby Dach wins face-off versus Pontus Andreasson in Silver Knights zone.
18:49 of 2nd period - Wrist shot by Martin Kaut.
18:49 of 2nd period - Stopped by Clay Stevenson with a rebound.
18:51 of 2nd period - Slapshot by Tobie Paquette-Bisson.
18:51 of 2nd period - Stopped by Clay Stevenson without a rebound.
18:52 of 2nd period - Pontus Andreasson wins face-off versus Will Cuylle in Silver Knights zone.
19:24 of 2nd period - Wrist shot by Adam Clendening.
19:24 of 2nd period - Shot Misses the Net.
19:26 of 2nd period - Snap shot by Tanner Fritz.
19:26 of 2nd period - Stopped by Clay Stevenson without a rebound.
19:27 of 2nd period - Brandon Biro wins face-off versus Pontus Andreasson in Silver Knights zone.
19:49 of 2nd period - Derrick Pouliot is hit by Elmer Soderblom and loses puck.
Goals for this period are 1 for Silver Knights vs 2 for Barracuda.
Shots for this period are 5 for Silver Knights vs 11 for Barracuda.
3rd period
0:01 of 3rd period - Kirby Dach wins face-off versus Pontus Andreasson in neutral zone.
0:09 of 3rd period - Off-side.
0:10 of 3rd period - Pontus Andreasson wins face-off versus Kirby Dach in neutral zone.
0:15 of 3rd period - Wrist shot by Max McCormick.
0:15 of 3rd period - Shot Misses the Net.
0:37 of 3rd period - Snap shot by Max McCormick.
0:37 of 3rd period - Shot Blocked by Roland McKeown.
0:39 of 3rd period - Wrist shot by Tanner Fritz.
0:39 of 3rd period - Shot Misses the Net.
0:40 of 3rd period - Penalty to Reese Johnson is over, Reese Johnson is back on ice.
0:41 of 3rd period - Wrist shot by Joshua Roy.
0:41 of 3rd period - Stopped by Clay Stevenson with a rebound.
0:43 of 3rd period - Slapshot by Tobie Paquette-Bisson.
0:43 of 3rd period - Shot Blocked by Brandon Biro.
0:45 of 3rd period - Backhand shot by Tobie Paquette-Bisson.
0:45 of 3rd period - Stopped by Clay Stevenson with a rebound.
0:47 of 3rd period - Snap shot by Joshua Roy.
0:47 of 3rd period - Shot Misses the Net.
1:31 of 3rd period - Wrist shot by Will Cuylle.
1:31 of 3rd period - Shot Blocked by Michael Callahan.
2:04 of 3rd period - Icing by Jesse Ylönen.
2:05 of 3rd period - Jesse Ylönen wins face-off versus Pontus Andreasson in Silver Knights zone.
3:01 of 3rd period - Rudolfs Balcers is hit by Jesse Ylönen and loses puck.
4:55 of 3rd period - Snap shot by Mike Vecchione.
4:55 of 3rd period - Goal by Mike Vecchione - Silver Knights : 1 - Barracuda : 3.
4:56 of 3rd period - Reese Johnson wins face-off versus Elmer Soderblom in neutral zone.
5:05 of 3rd period - Snap shot by Joshua Roy.
5:05 of 3rd period - Shot Blocked by Derrick Pouliot.
5:07 of 3rd period - Slapshot by Will Butcher.
5:07 of 3rd period - Shot Blocked by Roland McKeown.
5:43 of 3rd period - Icing by Derrick Pouliot.
5:44 of 3rd period - Kirby Dach wins face-off versus John Hayden in Silver Knights zone.
5:51 of 3rd period - Slapshot by Adam Clendening.
5:51 of 3rd period - Shot Blocked by Lucas Carlsson.
6:05 of 3rd period - Tobie Paquette-Bisson is hit by Derrick Pouliot and loses puck.
6:26 of 3rd period - Snap shot by Kirby Dach.
6:26 of 3rd period - Stopped by Michael Houser without a rebound.
6:27 of 3rd period - Jesse Ylönen wins face-off versus Elmer Soderblom in Barracuda zone.
6:30 of 3rd period - Snap shot by Rafaël Harvey-Pinard.
6:30 of 3rd period - Stopped by Michael Houser with a rebound.
6:42 of 3rd period - Tanner Fritz is hit by Roland McKeown and loses puck.
6:55 of 3rd period - Max McCormick is hit by Joey Anderson and loses puck.
11:08 of 3rd period - Icing by Zach Benson.
11:09 of 3rd period - Elmer Soderblom wins face-off versus Mason Morelli in Silver Knights zone.
14:20 of 3rd period - Brandon Biro is hit by Michael Callahan and loses puck.
17:21 of 3rd period - Cavan Fitzgerald is hit by Derrick Pouliot and loses puck.
18:04 of 3rd period - Michael Callahan is hit by Brandon Biro and loses puck.
19:33 of 3rd period - Icing by Elmer Soderblom.
19:34 of 3rd period - Mason Morelli wins face-off versus Elmer Soderblom in Barracuda zone.
19:53 of 3rd period - John Hayden is hit by Lucas Carlsson and loses puck.
Goals for this period are 0 for Silver Knights vs 1 for Barracuda.
Shots for this period are 2 for Silver Knights vs 3 for Barracuda.